 Dungeon Crawl Stone Soup version 0.25.0-65-g31bcc41 (webtiles) character file.

4494 Dorkslayer the Protected (level 10, -4/64 HPs)
             Began as a Gargoyle Fighter on Nov 14, 2020.
             Was an Elder of Okawaru.
             Killed by divine providence
             ... invoked by an orc priest
              (9 damage)
             ... on level 2 of the Dungeon.
             The game lasted 00:08:06 (1467 turns).

Dorkslayer the Protected (Gargoyle Fighter)         Turns: 1467, Time: 00:08:07

Health: -4/64      AC: 19    Str: 22    XL:     10   Next: 38%
Magic:  10/11      EV:  7    Int: 10    God:    Okawaru [****..]
Gold:   126        SH: 11    Dex: 11    Spells: 9/9 levels left

rFire    + . .     SeeInvis .   a - +0 long sword
rCold    + . .     Gourm    .   c - +0 shield
rNeg     + . .     Faith    .   k - +0 chain mail
rPois    ∞         Spirit   .   (helmet restricted)
rElec    +         Reflect  .   (no cloak)
rCorr    +         Harm     .   t - +0 pair of gloves
MR       +....                  (no boots)
Stlth    ..........             (no amulet)
HPRegen  0.20/turn              (no ring)
MPRegen  0.12/turn              (no ring)

@: resistant
A: horns 1, agile 1, magic resistance 1, negative energy resistance 1,
electricity resistance, wild magic 1, unbreathing, petrification resistance, rot
immunity, AC +7
a: Heroism, Renounce Religion


You were on level 2 of the Dungeon.
You worshipped Okawaru.
Okawaru was greatly pleased with you.
You were near starving.

You visited 2 branches of the dungeon, and saw 3 of its levels.

You collected 126 gold pieces.

Inventory:

Hand Weapons
 a - a +0 long sword (weapon)
Missiles
 r - a javelin of returning (quivered)
Armour
 c - a +0 shield (worn)
 k - a +0 chain mail (worn)
 t - a +0 pair of gloves (worn)
Scrolls
 b - 8 scrolls of remove curse
 d - a scroll of enchant armour {unknown}
 g - 2 scrolls of teleportation
 l - a scroll of fog {unknown}
 m - 2 scrolls of immolation {unknown}
 n - a scroll of blinking {unknown}
 p - a scroll of magic mapping
 s - a scroll of enchant weapon {unknown}
Potions
 e - 2 potions of flight
Comestibles
 f - 6 rations
 o - 6 chunks of flesh


   Skills:
 + Level 7.9 Fighting
 + Level 8.0 Long Blades
 * Level 1.2 Throwing
 + Level 8.1 Armour
 + Level 2.3 Dodging
 + Level 0.6 Stealth
 + Level 8.0 Shields
 * Level 1.5 Invocations


You had 9 spell levels left.
You didn't know any spells.
Your spell library was empty.

Dungeon Overview and Level Annotations

Branches:
Dungeon (2/3)              Temple (1/1) D:1          Shoals (0/1) D:2
  Snake (0/1) D:2             Orc (0/1) D:2
  Slime: D:2-3       Vaults: D:2-3

Altars:
Ashenzari
Cheibriados
Dithmenos
Elyvilon
Fedhas
Gozag
Hepliaklqana
Makhleb
Nemelex Xobeh
Okawaru
Qazlal
Ru
Sif Muna
Trog
Vehumet
Wu Jian
Xom
Yredelemnul
Zin
The Shining One

Annotations:
D:1 2 transporters


Innate Abilities, Weirdness & Mutations

You are resistant to torment.
Your stone body is resilient. (AC +7)
You are immune to poison.
You resist negative energy. (rN+)
You are resistant to electric shocks. (rElec)
You can survive without breathing.
You are immune to petrification.
You are immune to rotting.
You have a pair of small horns on your head.
You are agile. (Dex +2)
You are resistant to hostile enchantments. (MR+)
Your spells are a little harder to cast, but a little more powerful.


Message History

The hungry ghost hits you.
You are feeling very hungry.
You hit the hungry ghost.
The hungry ghost is moderately damaged.
The hungry ghost hits you.
You are near starving!
You slash the hungry ghost!
The hungry ghost is heavily damaged.
You block the hungry ghost's attack.
You barely miss the hungry ghost.
The hungry ghost is heavily damaged.
The hungry ghost hits you.
You feel somewhat more hungry.
Your shield prevents you from hitting the hungry ghost.
The hungry ghost is heavily damaged.
You feel less wooden.
Your +0 pair of gloves unmelds from your body.
Your +0 chain mail unmelds from your body.
The orc priest mumbles some strange prayers to Beogh against you.
Beogh smites you!
You die...

*,,,,,,,* *,#........# *,,,,,,,*
*,#.[......# ,,,,,,***
*,#......... ,,,,,,********
*,#.######.. ,,,,,,,,,,,,,* *,#.#
*..
,,,,,,,,,,,,,*********,#.######..
,,,,,,,,,.,,,+,,,,,,,,,#.Z.Z.....
****,*,,,....#############WZ....#
,,,,,**,,,*#....@WZoZZZZ.'Z.ZZ...
,,,,,**,,,*#.#############ZZZ....
,,,,,**,,,**,* #.ZZh...
,,,,,**,,,**,********* #..ZZ...
,,,,,,,,,,**,,,,,,,,,* **###.Z...
,,,,,**,,,,,,,,,,,,,,* #.ZZZ..8..
,,,,,*,,,,,,,,,,,,,,,* #..ZW.ZZ.Z
,,,,,*,,**,,,,,,,,,,,**#..ZZZZ.Z.
,,,,,*,,*,,,,<,,,,,,,,.......)...


You could see a hungry ghost, an orc priest, 2 orc zombies, an ogre zombie, a
two-headed ogre zombie and a troll zombie.

Vanquished Creatures
  A vampire (D:2)
  A yak (D:2)
  A sky beast (D:2)
  An ogre (D:2)
  A bullfrog (D:1)
  A scorpion (D:1)
  A wight (D:1)
  A crimson imp (D:1)
  A bullfrog zombie (D:2)
  2 orc priests (D:1)
  A jelly (D:1)
  A worker ant (D:1)
  2 orc wizards (D:1)
  2 worker ant zombies (D:1)
  A howler monkey skeleton (D:1)
  2 adders
  5 orcs
  A quokka (D:1)
  A goblin skeleton (D:2)
  4 orc zombies (D:2)
31 creatures vanquished.

Notes
Turn   | Place    | Note
-------+----------+-------------------------------------------
     0 | D:1      | Dorkslayer the Gargoyle Fighter began the quest for the
                  | Orb.
     0 | D:1      | Reached XP level 1. HP: 14/14 MP: 1/1
     0 | D:1      | Noticed a jelly
     7 | D:1      | Killed a jelly
     7 | D:1      | Reached XP level 2. HP: 9/20 MP: 2/2
     7 | D:1      | Reached XP level 3. HP: 10/24 MP: 3/3
     7 | D:1      | Reached XP level 4. HP: 13/30 MP: 4/4
     7 | D:1      | Reached XP level 5. HP: 15/34 MP: 5/5
   104 | D:1      | Found a staircase to the Ecumenical Temple.
   114 | Temple   | Entered the Ecumenical Temple
   131 | Temple   | Became a worshipper of Warmaster Okawaru
   190 | D:1      | Found a glowing silver altar of Zin.
   237 | D:1      | Reached XP level 6. HP: 38/40 MP: 6/6
   267 | D:1      | Found a burning altar of Makhleb.
   319 | D:1      | Reached * piety under Okawaru
   319 | D:1      | Reached skill level 5 in Fighting
   319 | D:1      | Reached skill level 5 in Armour
   319 | D:1      | Reached skill level 5 in Shields
   335 | D:1      | Reached XP level 7. HP: 36/44 MP: 7/7
   406 | D:1      | Reached ** piety under Okawaru
   406 | D:1      | Reached XP level 8. HP: 39/51 MP: 8/8
   473 | D:1      | Reached skill level 5 in Long Blades
   491 | D:1      | Found a white marble altar of Elyvilon.
   553 | D:1      | Found a deep blue altar of Sif Muna.
   590 | D:1      | Found a bloodstained altar of Trog.
   590 | D:1      | Found a sparkling altar of Nemelex Xobeh.
   592 | D:1      | Noticed a hell knight
   592 | D:1      | Noticed a yaktaur captain
   594 | D:1      | Found a transporter.
   594 | D:1      | Noticed a fire giant
   603 | D:1      | Found a transporter.
   672 | D:1      | Found an ornate altar of the Wu Jian Council.
   805 | D:1      | Found a hazy altar of Hepliaklqana.
   842 | D:1      | Reached skill level 1 in Dodging
   866 | D:1      | Gained mutation: You are covered in fur. (AC +1) [potion of
                  | mutation]
   866 | D:1      | Gained mutation: You are resistant to hostile enchantments.
                  | (MR+) [potion of mutation]
   866 | D:1      | Gained mutation: You have a pair of small horns on your
                  | head. [potion of mutation]
   867 | D:1      | Lost mutation: You are covered in fur. (AC +1) [potion of
                  | mutation]
   867 | D:1      | Gained mutation: Your spells are a little harder to cast,
                  | but a little more powerful. [potion of mutation]
   867 | D:1      | Gained mutation: You are agile. (Dex +2) [potion of
                  | mutation]
   906 | D:1      | Found a glowing golden altar of the Shining One.
   911 | D:1      | Found a stormy altar of Qazlal.
   914 | D:1      | Found a sacrificial altar of Ru.
   935 | D:1      | Found a shimmering altar of Xom.
  1036 | D:1      | Reached *** piety under Okawaru
  1036 | D:1      | Reached XP level 9. HP: 56/56 MP: 9/9
  1288 | D:2      | Found a staircase to the Snake Pit.
  1295 | D:2      | Received a gift from Okawaru
  1304 | D:2      | Reached XP level 10. HP: 50/63 MP: 10/10
  1308 | D:2      | Reached **** piety under Okawaru
  1397 | D:2      | Found a staircase to the Orcish Mines.
  1450 | D:2      | HP: 3/96 [vampire (3)]
  1458 | D:2      | Reached skill level 1 in Throwing
  1458 | D:2      | Reached skill level 1 in Invocations
  1467 | D:2      | Killed from afar by an orc priest

Skill      XL: |  1  2  3  4  5  6  7  8  9 10 |
---------------+-------------------------------+-----
Fighting       | 4 5 6 7 |  7.9
Long Blades    | 2 3 4 5 7 8 |  8.0
Armour         | 4 5 6 7 8 |  8.1
Shields        | 4 5 6 7 8 |  8.0
Dodging        | 1 2 |  2.3
Throwing       | 1 |  1.2
Invocations    | 1 |  1.5
Stealth        | |  0.6

Action                   |  1- 3 |  4- 6 |  7- 9 | 10-12 || total
-------------------------+-------+-------+-------+-------++-------
Melee: Long sword        |     4 |    23 |   102 |    55 ||   184
       Headbutt          |       |       |    11 |    10 ||    21
Throw: Javelin           |       |       |       |     1 ||     1
Invok: Heroism           |       |       |       |     2 ||     2
  Use: Potion            |       |     1 |     2 |     4 ||     7
       Scroll            |       |       |     4 |     2 ||     6
  Eat: Chunk             |       |       |     1 |     2 ||     3
Armor: Scale mail        |     1 |     9 |     1 |       ||    11
       Chain mail        |       |       |    80 |    20 ||   100
       Skin              |       |       |       |    19 ||    19
Dodge: Dodged            |     1 |     6 |    15 |    11 ||    33
Block: Shield            |     2 |    11 |    44 |    16 ||    73
       Rpst.: Long sword |       |     1 |     4 |     4 ||     9
